 Dungeon Crawl Stone Soup version 0.28.0 (webtiles) character file.

Game seed: 8419395387195162947

72 themarg the Thrower (level 4, -1/38 HPs)
             Began as a Gnoll Wanderer on Feb 6, 2022.
             Slain by an adder (2 damage)
             ... on level 2 of the Dungeon.
             The game lasted 00:06:39 (2082 turns).

themarg the Thrower (Gnoll Wanderer)                Turns: 2082, Time: 00:06:41

Health: -1/38      AC:  3    Str:  9    XL:     4   Next: 25%
Magic:  8/8        EV: 11    Int: 14    God:
Gold:   61         SH:  0    Dex: 13    Spells: 9/9 levels left

rFire   . . .      SeeInvis .   a - +2 dagger
rCold   . . .      Faith    .   (no shield)
rNeg    . . .      Spirit   .   d - +0 robe
rPois   .          Reflect  .   (no helmet)
rElec   .          Harm     .   (no cloak)
rCorr   .          Rampage  .   c - +0 pair of gloves
Will    .....                   (no boots)
Stlth   +++.......              (no amulet)
HPRegen 0.12/turn               (no ring)
MPRegen 0.11/turn               (no ring)

@: lethally poisoned (-1 -> -7), weak-willed
A: fangs 1, strong nose, distributed training
a: no special abilities


You were on level 2 of the Dungeon.
You visited 1 branch of the dungeon, and saw 2 of its levels.

You collected 61 gold pieces.

Inventory:

Hand Weapons
 a - a +2 dagger (weapon)
Missiles
 l - 5 poisoned darts (quivered)
Armour
 c - a +0 pair of gloves (worn)
 d - a +0 robe (worn)
 h - a +0 plate armour
Scrolls
 g - 2 scrolls of amnesia {unknown}
 k - a scroll of teleportation {unknown}
Potions
 e - a potion of cancellation
 j - 2 potions of curing {unknown}
 m - a potion of mutation {unknown}


   Skills:
 + Level 4.6 Fighting
 + Level 1.1 Short Blades
 + Level 1.1 Long Blades
 + Level 1.1 Axes
 + Level 1.1 Maces & Flails
 + Level 1.1 Polearms
 + Level 1.1 Staves
 + Level 1.1 Slings
 + Level 1.1 Bows
 + Level 1.1 Crossbows
 + Level 8.5 Throwing
 + Level 1.1 Armour
 + Level 1.1 Dodging
 + Level 4.2 Stealth
 + Level 1.1 Shields
 + Level 1.1 Unarmed Combat
 + Level 3.0 Spellcasting
 + Level 0.8 Conjurations
 + Level 0.8 Hexes
 + Level 0.8 Summonings
 + Level 0.8 Necromancy
 + Level 0.8 Translocations
 + Level 0.8 Transmutations
 + Level 0.8 Fire Magic
 + Level 0.8 Ice Magic
 + Level 2.2 Air Magic
 + Level 0.8 Earth Magic
 + Level 0.8 Poison Magic
 + Level 1.2 Invocations
 + Level 1.1 Evocations


You had 9 spell levels left.
You didn't know any spells.
Your spell library contained the following spells:

 Spells                   Type           Power      Damage    Failure   Level
 Corpse Rot               Necr/Air       12%        N/A       17%         2
 Static Discharge         Conj/Air       6%         N/A       17%         2


Dungeon Overview and Level Annotations

Branches:
Dungeon (2/15)

Altars:


Innate Abilities, Weirdness & Mutations

You have very sharp teeth.
Your uncanny sense of smell can sniff out nearby items.
Your experience applies equally to all skills.


Message History

The adder poisons you!
You miss the adder.
The adder is lightly wounded.
You feel sick. The adder bites you.
* * * LOW HITPOINT WARNING * * *
You are more poisoned.
The adder poisons you! The adder misses you. The adder closely misses you.
* * * LOW HITPOINT WARNING * * *
You feel sick.
* * * LOW HITPOINT WARNING * * *
You feel sick.
As you read the scroll labelled QUNUTWOMEO, it crumbles to dust.
Magic quickly surges around you.
It was a scroll of vulnerability.
You feel sick. The adder misses you. The adder bites you.
* * * LOW HITPOINT WARNING * * *
You are more poisoned.
The adder poisons you!
As you read the scroll labelled ILAECZ PURI, it crumbles to dust.
It is a scroll of identify.
e - a potion of cancellation
* * * LOW HITPOINT WARNING * * *
You feel sick. The adder closely misses you.
Unknown command.
Throw: dart (curare)
Press: ? - help, Q - select action, (/) - cycle Shift-Dir - straight line, f - adder
Aim: an adder (lightly wounded, weak-willed, 48% to hit)
You throw a curare-tipped dart. The curare-tipped dart hits the adder.
The adder is poisoned.
The adder convulses.
You kill the adder!
* * * LOW HITPOINT WARNING * * *
You feel sick.
Your Spellcasting skill increases to level 3!
Throw: 6 darts (poison)
Press: ? - help, Q - select action Shift-Dir - straight line, f - adder
Aim: an adder (heavily wounded, weak-willed, 48% to hit)
You throw a poisoned dart. The poisoned dart misses the adder.
* * * LOW HITPOINT WARNING * * *
You feel sick. The adder bites you.
You die...

#...........) #...........#
##...........#
#####............#
#...#.###........#
###########..##.# #........#
#.........#..##.###........#
#.####.####..#.......#######
#.# #<...S@.#.......# #.#
#.#.###.#†......# #.####.#.#
#.#.......# #....#...#
#.#.......# ####.#####
#.#.......# #.# #.#.......#
#.. #.#.......# ##..
#.##'###### .#. #.##.#


You could see an adder (weak-willed).

Vanquished Creatures
  3 adders (D:2)
  A worm (D:2)
  A dart slug (D:1)
  2 endoplasms (D:1)
  2 giant cockroaches (D:1)
  A goblin (D:2)
  5 hobgoblins
  3 jackals (D:1)
  3 quokkas
  3 ball pythons (D:1)
  2 bats
  A frilled lizard (D:1)
  4 kobolds
  7 rats (D:1)
38 creatures vanquished.

Notes
Turn   | Place    | Note
-------+----------+-------------------------------------------
     0 | D:1      | themarg the Gnoll Wanderer began the quest for the Orb.
     0 | D:1      | themarg set off with the following items: a +2 dagger, a
                  | curare-tipped dart, a +0 pair of gloves, a +0 robe; and the
                  | following spells available to memorise: Corpse Rot, Static
                  | Discharge
     0 | D:1      | Reached XP level 1. HP: 20/20 MP: 4/4
   154 | D:1      | Reached XP level 2. HP: 26/26 MP: 5/5
   773 | D:1      | Reached XP level 3. HP: 31/31 MP: 7/7
  1825 | D:2      | Reached skill level 1 in Invocations
  1875 | D:2      | Reached skill level 1 in Short Blades
  1875 | D:2      | Reached skill level 1 in Long Blades
  1875 | D:2      | Reached skill level 1 in Axes
  1875 | D:2      | Reached skill level 1 in Maces & Flails
  1875 | D:2      | Reached skill level 1 in Polearms
  1875 | D:2      | Reached skill level 1 in Staves
  1875 | D:2      | Reached skill level 1 in Slings
  1875 | D:2      | Reached skill level 1 in Bows
  1875 | D:2      | Reached skill level 1 in Crossbows
  1875 | D:2      | Reached skill level 1 in Armour
  1875 | D:2      | Reached skill level 1 in Dodging
  1875 | D:2      | Reached skill level 1 in Shields
  1875 | D:2      | Reached skill level 1 in Unarmed Combat
  1875 | D:2      | Reached skill level 1 in Evocations
  1992 | D:2      | Reached XP level 4. HP: 38/38 MP: 8/8
  2082 | D:2      | HP: 1/38 [poisoned by an adder]
  2082 | D:2      | Slain by an adder

Illustrated notes

Levels and vault maps discovered:
D:1:      dpeg_arrival_boxorama, layout_loops_ring, chequers_avenue,
          minmay_hedge_maze
D:2:      layout_basic

Skill      XL: |  1  2  3  4 |
---------------+-------------+-----
Air Magic      | 2 |  2.2
Invocations    | 1 |  1.2
Short Blades   | 1 |  1.1
Long Blades    | 1 |  1.1
Axes           | 1 |  1.1
Maces & Flails | 1 |  1.1
Polearms       | 1 |  1.1
Staves         | 1 |  1.1
Slings         | 1 |  1.1
Bows           | 1 |  1.1
Crossbows      | 1 |  1.1
Armour         | 1 |  1.1
Dodging        | 1 |  1.1
Shields        | 1 |  1.1
Unarmed Combat | 1 |  1.1
Evocations     | 1 |  1.1
Spellcasting   | 3 |  3.0
Fighting       | |  4.6
Throwing       | |  8.5
Stealth        | |  4.2
Conjurations   | |  0.8
Hexes          | |  0.8
Summonings     | |  0.8
Necromancy     | |  0.8
Translocations | |  0.8
Transmutations | |  0.8
Fire Magic     | |  0.8
Ice Magic      | |  0.8
Earth Magic    | |  0.8
Poison Magic   | |  0.8

Action                   |  1- 3 |  4- 6 || total
-------------------------+-------+-------++-------
Melee: Dagger            |   145 |    13 ||   158
       Bite              |    12 |       ||    12
Throw: Dart              |       |     2 ||     2
  Use: Scroll            |       |     2 ||     2
 Stab: Sleeping          |    10 |       ||    10
Armor: Robe              |    50 |     4 ||    54
Dodge: Dodged            |    75 |    12 ||    87
